| TOP OF THE 1ST |
|
Great Lakes Loons batting - Pitching for Dayton Dragons : LHP Suk-jin Sok
|
|
Pitching: LHP Suk-jin Sok
|
|
|
Batting: RHB Theo Schepers
|
0-0: Swinging Strike 0-1: Ground out 5-3 (Groundball, 56, EV 88.8 MPH)
|
|
Batting: RHB Luis Grajeda
|
0-0: Foul Ball, location: 2F 0-1: Called Strike 0-2: Strikes out swinging
|
|
Batting: SHB Todd Hewitt
|
0-0: Ball 1-0: SINGLE (Line Drive, 9S, EV 96.2 MPH)
|
|
Batting: RHB Blake Beale
|
0-0: Foul Ball, location: 2F 0-1: Fly out, F8 (Line Drive, 89M, EV 88.8 MPH)
|
| Top of the 1st over - 0 runs, 1 hit, 0 errors, 1 left on base; Great Lakes 0 - Dayton 0 |
| BOTTOM OF THE 1ST |
|
Dayton Dragons batting - Pitching for Great Lakes Loons : LHP Jonathan Daniels
|
|
Pitching: LHP Jonathan Daniels
|
|
|
Batting: RHB Cyd Carver
|
0-0: Ball 1-0: Foul Ball, location: 2F 1-1: Ball 2-1: SINGLE (Groundball, 4MD, EV 105.6 MPH)
|
|
Batting: RHB Randy Grewe
|
0-0: Ball Cyd Carver steals 2nd base 1-0: Called Strike 1-1: Called Strike 1-2: Foul Ball, location: 2F 1-2: Foul Ball, location: 2F 1-2: Ball 2-2: Ball 3-2: SINGLE (Groundball, 34D, EV 96.9 MPH) Cyd Carver to third
|
|
Batting: RHB Danny Real
|
0-0: Called Strike 0-1: Foul Ball, location: 2F 0-2: Foul Ball, location: 2F 0-2: SINGLE (Flyball, 34D, EV 85.6 MPH) Cyd Carver scores Randy Grewe to second
|
|
Batting: SHB Tim Utz
|
0-0: SINGLE (Flyball, 4MD, EV 90.0 MPH) Randy Grewe to third Danny Real to second
|
|
Batting: RHB Mark Williams
|
0-0: Ball 1-0: SINGLE (Groundball, 4MD, EV 101.9 MPH) Randy Grewe scores Danny Real to third Tim Utz to second Runner from 3rd tries for Home, SAFE, throw by CF to home
|
|
Batting: LHB Matthew Berry
|
0-0: Foul Ball, location: 2F 0-1: Ball 1-1: Ball 2-1: Ball 3-1: Called Strike 3-2: SINGLE (Groundball, 34D, EV 100.0 MPH) Tim Utz to third Mark Williams to second Runner from 3rd tries for Home, SAFE, throw by RF to home
|
|
Batting: RHB Frank Moron
|
0-0: Ball 1-0: Ball 2-0: Ball 3-0: Base on Balls Mark Williams to third Matthew Berry to second
|
|
Batting: RHB Matt Silva
|
0-0: Foul Ball, location: 2F 0-1: Ball 1-1: Foul Ball, location: 2F 1-2: Foul Ball, location: 2F 1-2: Fielders Choice at 2nd, 3-6 (Groundball, 13, EV 84.4 MPH) Mark Williams scores Matthew Berry to third
|
|
Batting: SHB Alex Morales
|
0-0: Called Strike 0-1: Ball Passed Ball! Matthew Berry scores Matt Silva to second 1-1: Called Strike 1-2: Strikes out swinging
|
|
Batting: RHB Cyd Carver
|
0-0: Ball 1-0: Called Strike 1-1: Swinging Strike 1-2: Foul Ball, location: 2F 1-2: Strikes out looking
|
| Bottom of the 1st over - 6 runs, 6 hits, 0 errors, 1 left on base; Great Lakes 0 - Dayton 6 |
| TOP OF THE 2ND |
|
Great Lakes Loons batting - Pitching for Dayton Dragons : LHP Suk-jin Sok
|
|
Batting: RHB Manny Mendoza
|
0-0: Ball 1-0: Ball 2-0: SOLO HOME RUN (Flyball, 78XD, EV 101.2 MPH), Distance : 400 ft
|
|
Batting: LHB Stephen Van Raalte
|
0-0: Called Strike 0-1: Ball 1-1: Foul Ball, location: 2F 1-2: Ground out U3 (Groundball, 3, EV 87.5 MPH)
|
|
Batting: RHB Trevor Conklin
|
0-0: SINGLE (Groundball, 6MD, EV 104.4 MPH)
|
|
Batting: LHB Jay Fenderson
|
0-0: Swinging Strike 0-1: Ball 1-1: Fly out, F8 (Line Drive, 8LS, EV 100.0 MPH)
|
|
Batting: RHB Roberto Monzon
|
0-0: Swinging Strike 0-1: Ball 1-1: Ball 2-1: Ball 3-1: Base on Balls Trevor Conklin to second
|
|
Batting: RHB Theo Schepers
|
0-0: Called Strike 0-1: Ball 1-1: DOUBLE (Line Drive, 89D, EV 102.5 MPH) Trevor Conklin scores Roberto Monzon to third Runner from 3rd tries for Home, throw by CF and OUT! 8-4-2
|
| Top of the 2nd over - 2 runs, 3 hits, 0 errors, 1 left on base; Great Lakes 2 - Dayton 6 |
| BOTTOM OF THE 2ND |
|
Dayton Dragons batting - Pitching for Great Lakes Loons : LHP Jonathan Daniels
|
|
Batting: RHB Randy Grewe
|
0-0: Ball 1-0: Foul Ball, location: 2F 1-1: SINGLE (Groundball, 56D, EV 107.5 MPH)
|
|
Pitching: RHP J.J. Riley
|
|
|
Batting: RHB Danny Real
|
0-0: Foul Ball, location: 2F 0-1: Swinging Strike 0-2: Ball 1-2: Ball 2-2: Ground out 2-3 (Groundball, 15S, EV 65.0 MPH) Randy Grewe to second
|
|
Batting: SHB Tim Utz
|
0-0: Called Strike 0-1: Called Strike 0-2: Ball 1-2: Foul Ball, location: 2F 1-2: Ball 2-2: Ball 3-2: Strikes out swinging
|
|
Batting: RHB Mark Williams
|
0-0: Called Strike 0-1: Ball 1-1: SINGLE (Line Drive, 78S, EV 101.2 MPH) Randy Grewe to third
|
|
Batting: LHB Matthew Berry
|
0-0: Ball Wild Pitch! Randy Grewe scores Mark Williams to second 1-0: Ball 2-0: Ball 3-0: Base on Balls
|
|
Batting: RHB Frank Moron
|
0-0: Ball 1-0: Foul Ball, location: 2F 1-1: Hit by Pitch Mark Williams to third Matthew Berry to second
|
|
Batting: RHB Matt Silva
|
0-0: Foul Ball, location: 2F 0-1: Called Strike 0-2: Strikes out swinging
|
| Bottom of the 2nd over - 1 run, 2 hits, 0 errors, 3 left on base; Great Lakes 2 - Dayton 7 |
| TOP OF THE 3RD |
|
Great Lakes Loons batting - Pitching for Dayton Dragons : LHP Suk-jin Sok
|
|
Batting: RHB Luis Grajeda
|
0-0: Called Strike 0-1: Ball 1-1: Swinging Strike 1-2: Fly out, F9 (Flyball, 9LSF, EV 83.1 MPH)
|
|
Batting: SHB Todd Hewitt
|
0-0: DOUBLE (Line Drive, 7LD, EV 109.4 MPH)
|
|
Batting: RHB Blake Beale
|
0-0: Swinging Strike 0-1: SINGLE (Groundball, 25, EV 65.0 MPH) (infield hit) Todd Hewitt to third
|
|
Batting: RHB Manny Mendoza
|
0-0: Fly out, F7 (Flyball, 7, EV 82.5 MPH) Runner from 3rd tags up, SCORES, no throw by LF
|
|
Batting: LHB Stephen Van Raalte
|
0-0: Ball 1-0: Called Strike 1-1: Ball 2-1: Called Strike 2-2: SINGLE (Groundball, 6D, EV 100.6 MPH) Blake Beale to second
|
|
Batting: RHB Trevor Conklin
|
0-0: Called Strike 0-1: Swinging Strike 0-2: Ball 1-2: Ball 2-2: Ground out 4-3 (Groundball, 4, EV 110.0 MPH)
|
| Top of the 3rd over - 1 run, 3 hits, 0 errors, 2 left on base; Great Lakes 3 - Dayton 7 |
| BOTTOM OF THE 3RD |
|
Dayton Dragons batting - Pitching for Great Lakes Loons : RHP J.J. Riley
|
|
Batting: SHB Alex Morales
|
0-0: Called Strike 0-1: SINGLE (Flyball, 56D, EV 88.8 MPH)
|
|
Batting: RHB Cyd Carver
|
0-0: Called Strike 0-1: Ball 1-1: Fly out, F9 (Flyball, 89M, EV 86.9 MPH)
|
|
Batting: RHB Randy Grewe
|
0-0: Ball 1-0: Foul Ball, location: 2F 1-1: Ball 2-1: Called Strike 2-2: SINGLE (Groundball, 4D, EV 103.1 MPH) Alex Morales to second Runner from 2nd tries for 3rd, SAFE, no throw by RF
|
|
Batting: RHB Danny Real
|
0-0: Foul Ball, location: 2F 0-1: Swinging Strike 0-2: Strikes out swinging
|
|
Batting: SHB Tim Utz
|
0-0: Called Strike 0-1: Ball 1-1: SINGLE (Flyball, 8RS, EV 94.4 MPH) Alex Morales scores Randy Grewe to second Runner from 2nd tries for 3rd, OUT! 9-5
|
| Bottom of the 3rd over - 1 run, 3 hits, 0 errors, 1 left on base; Great Lakes 3 - Dayton 8 |
| TOP OF THE 4TH |
|
Great Lakes Loons batting - Pitching for Dayton Dragons : LHP Suk-jin Sok
|
|
Batting: LHB Jay Fenderson
|
0-0: Ball 1-0: Called Strike 1-1: Ball 2-1: Foul Ball, location: 2F 2-2: Foul Ball, location: 2F 2-2: Foul Ball, location: 2F 2-2: Ball 3-2: Strikes out swinging
|
|
Batting: RHB Roberto Monzon
|
0-0: Ball 1-0: Foul Ball, location: 2F 1-1: Foul Ball, location: 2F 1-2: Foul Ball, location: 2F 1-2: Ball 2-2: Strikes out swinging
|
|
Batting: RHB Theo Schepers
|
0-0: Swinging Strike 0-1: Foul Ball, location: 2F 0-2: Strikes out swinging
|
| Top of the 4th over - 0 runs, 0 hits, 0 errors, 0 left on base; Great Lakes 3 - Dayton 8 |
| BOTTOM OF THE 4TH |
|
Dayton Dragons batting - Pitching for Great Lakes Loons : RHP J.J. Riley
|
|
Batting: RHB Mark Williams
|
0-0: SINGLE (Groundball, P, EV 85.6 MPH) (infield hit)
|
|
Batting: LHB Matthew Berry
|
0-0: Called Strike 0-1: Grounds into double play, 4-6-3 (Groundball, 4, EV 106.9 MPH)
|
|
Batting: RHB Frank Moron
|
0-0: Swinging Strike 0-1: Ball 1-1: Swinging Strike 1-2: Strikes out looking
|
| Bottom of the 4th over - 0 runs, 1 hit, 0 errors, 0 left on base; Great Lakes 3 - Dayton 8 |
| TOP OF THE 5TH |
|
Great Lakes Loons batting - Pitching for Dayton Dragons : LHP Suk-jin Sok
|
|
Batting: RHB Luis Grajeda
|
0-0: Ball 1-0: Ground out 6-3 (Groundball, 6S, EV 74.4 MPH)
|
|
Batting: SHB Todd Hewitt
|
0-0: Ball 1-0: Ball 2-0: Ball 3-0: Foul Ball, location: 2F 3-1: Ground out 6-3 (Groundball, 6, EV 81.9 MPH)
|
|
Batting: RHB Blake Beale
|
0-0: Ball 1-0: Foul Ball, location: 2F 1-1: Called Strike 1-2: Foul Ball, location: 2F 1-2: Foul Ball, location: 2F 1-2: Strikes out swinging
|
| Top of the 5th over - 0 runs, 0 hits, 0 errors, 0 left on base; Great Lakes 3 - Dayton 8 |
| BOTTOM OF THE 5TH |
|
Dayton Dragons batting - Pitching for Great Lakes Loons : RHP J.J. Riley
|
|
Batting: RHB Matt Silva
|
0-0: Swinging Strike 0-1: Fly out, F6 (Popup, 4MS, EV 76.2 MPH)
|
|
Batting: SHB Alex Morales
|
0-0: Ball 1-0: Ball 2-0: SINGLE (Groundball, 34D, EV 105.0 MPH)
|
|
Batting: RHB Cyd Carver
|
0-0: Called Strike 0-1: Ball 1-1: SINGLE (Groundball, 6MD, EV 100.6 MPH) Alex Morales to second
|
|
Batting: RHB Randy Grewe
|
0-0: Ball 1-0: Ball 2-0: Fielders Choice at 2nd, 3-6 (Groundball, 34, EV 100.6 MPH) Alex Morales to third
|
|
Batting: RHB Danny Real
|
0-0: Ball 1-0: Ball 2-0: Swinging Strike 2-1: Foul Ball, location: 2F 2-2: Foul Ball, location: 2F 2-2: Ground out 1-3 (Groundball, 15, EV 76.2 MPH)
|
| Bottom of the 5th over - 0 runs, 2 hits, 0 errors, 2 left on base; Great Lakes 3 - Dayton 8 |
| TOP OF THE 6TH |
|
Great Lakes Loons batting - Pitching for Dayton Dragons : LHP Suk-jin Sok
|
|
Batting: RHB Manny Mendoza
|
0-0: Ball 1-0: Foul Ball, location: 2F 1-1: Foul Ball, location: 2F 1-2: Ball 2-2: Foul Ball, location: 2F 2-2: Foul Ball, location: 2F 2-2: Foul Ball, location: 2F 2-2: Ball 3-2: Base on Balls
|
|
Batting: LHB Stephen Van Raalte
|
0-0: Ball 1-0: Foul Ball, location: 2F 1-1: Ball 2-1: Fly out, F7 (Flyball, 78M, EV 91.2 MPH)
|
|
Batting: RHB Trevor Conklin
|
0-0: Ball 1-0: Ball 2-0: Foul Ball, location: 2F 2-1: Swinging Strike 2-2: Strikes out swinging
|
|
Batting: LHB Jay Fenderson
|
0-0: Called Strike 0-1: Ball 1-1: Foul Ball, location: 2F 1-2: Foul Ball, location: 2F 1-2: Ball 2-2: Ball 3-2: Foul Ball, location: 2F 3-2: Base on Balls Manny Mendoza to second
|
|
Batting: RHB Roberto Monzon
|
0-0: Ball 1-0: Foul Ball, location: 2F 1-1: Ball 2-1: Ball 3-1: SINGLE (Line Drive, 89S, EV 105.6 MPH) Manny Mendoza to third Jay Fenderson to second
|
|
Pitching: LHP Keith Egan
|
|
|
Batting: RHB Theo Schepers
|
0-0: Ball 1-0: Called Strike 1-1: Ball 2-1: Called Strike 2-2: Foul Ball, location: 2F 2-2: DOUBLE (Line Drive, 78D, EV 102.5 MPH) Manny Mendoza scores Jay Fenderson scores Roberto Monzon to third Runner from 3rd tries for Home, SAFE, throw by LF to home
|
|
Batting: RHB Luis Grajeda
|
0-0: Ball 1-0: Ball 2-0: Called Strike 2-1: Ball 3-1: SINGLE (Line Drive, 34, EV 98.8 MPH) Theo Schepers to third Runner from 3rd tries for Home, throw by RF and OUT! 9-2
|
| Top of the 6th over - 3 runs, 3 hits, 0 errors, 1 left on base; Great Lakes 6 - Dayton 8 |
| BOTTOM OF THE 6TH |
|
Dayton Dragons batting - Pitching for Great Lakes Loons : RHP J.J. Riley
|
|
Batting: SHB Tim Utz
|
0-0: Ball 1-0: Foul Ball, location: 2F 1-1: Foul Ball, location: 2F 1-2: Strikes out swinging
|
|
Batting: RHB Mark Williams
|
0-0: Swinging Strike 0-1: Swinging Strike 0-2: Foul Ball, location: 2F 0-2: Ball 1-2: Ball 2-2: Foul Ball, location: 2F 2-2: Ball 3-2: Foul Ball, location: 2F 3-2: Fly out, F8 (Flyball, 8RD, EV 108.1 MPH)
|
|
Pitching: RHP Dan Marino IV
|
|
|
Batting: LHB Matthew Berry
|
0-0: Ball 1-0: Fly out, F7 (Flyball, 7D, EV 98.1 MPH)
|
| Bottom of the 6th over - 0 runs, 0 hits, 0 errors, 0 left on base; Great Lakes 6 - Dayton 8 |
| TOP OF THE 7TH |
|
Great Lakes Loons batting - Pitching for Dayton Dragons : LHP Keith Egan
|
|
Batting: SHB Todd Hewitt
|
0-0: Ball 1-0: Ball 2-0: Ball 3-0: Called Strike 3-1: Base on Balls
|
|
Batting: RHB Blake Beale
|
0-0: Ball 1-0: Called Strike 1-1: Foul Ball, location: 2F 1-2: Foul Ball, location: 2F 1-2: Ball 2-2: Foul Ball, location: 2F 2-2: Foul Ball, location: 2F 2-2: Grounds into double play, 5-4-3 (Groundball, 56, EV 81.2 MPH)
|
|
Batting: RHB Manny Mendoza
|
0-0: Swinging Strike 0-1: Ball 1-1: Called Strike 1-2: Ball 2-2: Ball 3-2: Foul Ball, location: 2F 3-2: Foul Ball, location: 2F 3-2: Foul Ball, location: 2F 3-2: Base on Balls
|
|
Batting: LHB Stephen Van Raalte
|
0-0: Called Strike 0-1: Ball 1-1: 2-RUN HOME RUN (Flyball, 89XD, EV 113.1 MPH), Distance : 450 ft
|
|
Batting: RHB Trevor Conklin
|
0-0: Ball 1-0: Foul Ball, location: 2F 1-1: Swinging Strike 1-2: Ball 2-2: Foul Ball, location: 2F 2-2: Ball 3-2: Foul Ball, location: 2F 3-2: Ground out 5-3 (Groundball, 5, EV 88.1 MPH)
|
| Top of the 7th over - 2 runs, 1 hit, 0 errors, 0 left on base; Great Lakes 8 - Dayton 8 |
| BOTTOM OF THE 7TH |
|
Dayton Dragons batting - Pitching for Great Lakes Loons : RHP Dan Marino IV
|
|
Batting: RHB Frank Moron
|
0-0: Ground out 5-3 (Groundball, 56, EV 88.8 MPH)
|
|
Batting: RHB Matt Silva
|
0-0: Ball 1-0: SINGLE (Groundball, 6MD, EV 95.0 MPH)
|
|
Batting: SHB Alex Morales
|
0-0: Called Strike 0-1: Swinging Strike 0-2: Foul Ball, location: 2F 0-2: Strikes out swinging
|
|
Pinch Hitting: LHB Fernando Gomez
|
0-0: Ball 1-0: Ball 2-0: Swinging Strike 2-1: Ball 3-1: Called Strike 3-2: Strikes out swinging
|
| Bottom of the 7th over - 0 runs, 1 hit, 0 errors, 1 left on base; Great Lakes 8 - Dayton 8 |
| TOP OF THE 8TH |
|
Great Lakes Loons batting - Pitching for Dayton Dragons : LHP Keith Egan
|
|
Pitching: RHP Victor Uriegas
|
|
|
Now at SS: Fernando Gomez
|
|
|
Batting: LHB Jay Fenderson
|
0-0: Called Strike 0-1: Ground out U3 (Groundball, 3L, EV 82.5 MPH)
|
|
Pinch Hitting: LHB Kevin Wiebe
|
0-0: Foul Ball, location: 2F 0-1: Foul Ball, location: 2F 0-2: Ball 1-2: Ball 2-2: Fly out, F8 (Flyball, 8LM, EV 81.2 MPH)
|
|
Batting: RHB Theo Schepers
|
0-0: Ball 1-0: Ball 2-0: Called Strike 2-1: Called Strike 2-2: Ground out 6-3 (Groundball, 56, EV 81.9 MPH)
|
| Top of the 8th over - 0 runs, 0 hits, 0 errors, 0 left on base; Great Lakes 8 - Dayton 8 |
| BOTTOM OF THE 8TH |
|
Dayton Dragons batting - Pitching for Great Lakes Loons : RHP Dan Marino IV
|
|
Now at SS: Roger Simmons
|
|
|
Batting: RHB Randy Grewe
|
0-0: Ball 1-0: Called Strike 1-1: Ball 2-1: Ball 3-1: Called Strike 3-2: Base on Balls
|
|
Batting: RHB Danny Real
|
0-0: Ball Randy Grewe is caught stealing 2nd base 2-4 1-0: Called Strike 1-1: Foul Ball, location: 2F 1-2: Ball 2-2: Strikes out swinging
|
|
Batting: SHB Tim Utz
|
0-0: Called Strike 0-1: Foul Ball, location: 2F 0-2: Ball 1-2: Ball 2-2: Fly out, F8 (Flyball, 8LD, EV 87.5 MPH)
|
| Bottom of the 8th over - 0 runs, 0 hits, 0 errors, 0 left on base; Great Lakes 8 - Dayton 8 |
| TOP OF THE 9TH |
|
Great Lakes Loons batting - Pitching for Dayton Dragons : RHP Victor Uriegas
|
|
Batting: RHB Luis Grajeda
|
0-0: Ball 1-0: Ball 2-0: Swinging Strike 2-1: Foul Ball, location: 2F 2-2: Foul Ball, location: 2F 2-2: Ground out 5-3 (Groundball, 5L, EV 106.9 MPH)
|
|
Batting: SHB Todd Hewitt
|
0-0: Called Strike 0-1: Called Strike 0-2: Strikes out looking
|
|
Batting: RHB Blake Beale
|
0-0: Called Strike 0-1: Ball 1-1: Ball 2-1: SINGLE (Line Drive, 5L, EV 95.0 MPH)
|
|
Batting: RHB Manny Mendoza
|
0-0: Ball 1-0: Called Strike 1-1: Ball 2-1: Foul Ball, location: 2F 2-2: Ball 3-2: Strikes out swinging
|
| Top of the 9th over - 0 runs, 1 hit, 0 errors, 1 left on base; Great Lakes 8 - Dayton 8 |
| BOTTOM OF THE 9TH |
|
Dayton Dragons batting - Pitching for Great Lakes Loons : RHP Dan Marino IV
|
|
Pitching: RHP Stephen Stanley
|
|
|
Batting: RHB Mark Williams
|
0-0: Foul Ball, location: 2F 0-1: Called Strike 0-2: DOUBLE (Flyball, 89XD, EV 98.1 MPH)
|
|
Batting: LHB Matthew Berry
|
0-0: Intentional Walk
|
|
Batting: RHB Frank Moron
|
0-0: Ball 1-0: Swinging Strike 1-1: 3-RUN HOME RUN (Flyball, 78XD, EV 102.5 MPH), Distance : 406 ft
|
| Bottom of the 9th over - 3 runs, 2 hits, 0 errors, 0 left on base; Great Lakes 8 - Dayton 11 |
|